 Dungeon Crawl Stone Soup version 0.31.0-12-g77e489cdc1 (webtiles) character file.

Game seed: 11027183088457501437

49175 booth the Black Sun (level 14, -5/106 HPs)
             Began as a Demonspawn Necromancer on Feb 12, 2024.
             Was a High Priest of Kikubaaqudgha.
             Slain by a boulder beetle (24 damage)
             ... on level 5 of the Lair of Beasts on Feb 13, 2024.
             The game lasted 02:25:46 (16228 turns).

booth the Black Sun (Demonspawn Necromancer)       Turns: 16228, Time: 02:25:46

Health: -5/106     AC:  8    Str: 11    XL:     14   Next: 15%
Magic:  21/27      EV: 14    Int: 17    God:    Kikubaaqudgha [*****.]
Gold:   1326       SH:  8    Dex: 15    Spells: 7/31 levels left

rFire   + + .        y - staff of death
rCold   . . .        (no shield)
rNeg    + . .        u - +2 leather armour {Will+}
rPois   +            M - +1 helmet
rElec   .            A - scarf of Duck's Teeth {repulsion, rPois Regen+ Stlth+}
rCorr   .            (no gloves)
SInv    .            v - +0 pair of boots
Will    ++...        (no amulet)
Stlth   +++++        q - ring of protection from fire
HPRegen 1.17/turn    z - ring of protection from fire
MPRegen 0.20/turn

%: repel missiles
@: fugue, animating dead, studying Evocations
A: large bone plates 3, demonic guardian 1, spiny 2, weakness stinger 2
a: Renounce Religion, Unearth Wretches, Torment


You were on level 5 of the Lair of Beasts.
You worshipped Kikubaaqudgha.
Kikubaaqudgha was extremely pleased with you.
You visited 2 branches of the dungeon, and saw 15 of its levels.

You collected 2323 gold pieces.
You spent 997 gold pieces at shops.

Inventory:

Hand Weapons
 c - a +1 dagger of speed
Missiles
 h - 3 javelins
 C - 29 poisoned darts
 D - 4 curare-tipped darts
 I - 3 boomerangs (quivered)
 K - a throwing net
Armour
 o - a scarf of resistance
 t - a +2 leather armour of cold resistance
 u - a +2 leather armour of willpower (worn)
 v - a +0 pair of boots (worn)
 A - the scarf of Duck's Teeth (worn) {repulsion, rPois Regen+ Stlth+}
   (You acquired it on level 5 of the Dungeon)

   rPois:     It protects you from poison Regen+: It increases your rate of
   health regeneration.
   Stlth+:    It makes you more stealthy.
 M - a +1 helmet (worn)
Magical Staves
 y - a staff of death (weapon)
Jewellery
 q - a ring of protection from fire (left hand)
 r - a ring of fire
 z - a ring of protection from fire (right hand)
 B - a ring of ice
 F - a +6 ring of dexterity
 H - a +6 ring of strength
 J - a ring of willpower
 O - an amulet of reflection
 P - a ring of protection from fire
Wands
 b - a wand of polymorph (12)
 x - a wand of iceblast (19)
 E - a wand of flame (43)
 G - a wand of light (11)
 N - a wand of mindburst (15)
 R - a wand of digging (7)
Scrolls
 d - 6 scrolls of teleportation
 g - 8 scrolls of fear
 l - 2 scrolls of enchant weapon {unknown}
 n - 4 scrolls of brand weapon
 p - 5 scrolls of identify
 s - a scroll of fog
 w - 8 scrolls of immolation
 L - a scroll of vulnerability
 Q - a scroll of amnesia {unknown}
Potions
 a - a potion of haste
 f - 3 potions of attraction
 i - 2 potions of mutation
 j - 8 potions of curing
 k - 5 potions of lignification
 m - a potion of enlightenment


   Skills:
 + Level 8.7 Fighting
 + Level 8.0 Staves
 + Level 2.7 Throwing
 - Level 6.2 Dodging
 + Level 7.7 Stealth
 + Level 9.1 Spellcasting
 + Level 6.4 Conjurations
 + Level 13.7 Necromancy
 - Level 5.3 Alchemy
 + Level 11.8 Evocations


You had 7 spell levels left.
You knew the following spells:

 Your Spells              Type           Power      Damage    Failure   Level
a - Necrotise             Necr           100%       1d9       1%          1
b - Vampiric Draining     Necr           69%        2d10      1%          3
c - Animate Dead          Necr           69%        N/A       1%          4
d - Curse of Agony        Necr           69%        N/A       1%          5
e - Borgnjor's Vile Clut  Necr/Erth      23%        N/A       21%         5
f - Kiss of Death         Conj/Necr      100%       2d13      1%          1
g - Cigotuvi's Dreadful   Necr/Alch/Air  88%        N/A       1%          2
h - Fugue of the Fallen   Necr           69%        N/A       1%          3

Your spell library contained the following spells:

 Spells                   Type           Power      Damage    Failure   Level
 Sting                    Conj/Alch      100%       1d9       1%          1
 Death Channel            Necr           34%        N/A       7%          6
 Mephitic Cloud           Conj/Alch/Air  21%        N/A       8%          3
 Martyr's Knell           Necr/Summ      46%        N/A       8%          4
 Dazzling Flash           Conj/Hex       36%        N/A       10%         3
 Hailstorm                Conj/Ice       18%        3d7       10%         3
 Apportation              Tloc           14%        N/A       12%         1
 Freeze                   Ice            28%        1d5       12%         1
 Summon Small Mammal      Summ           28%        N/A       12%         1
 Jinxbite                 Hex            14%        N/A       19%         2
 Frozen Ramparts          Ice            14%        1d3       36%         3
 Ozocubu's Armour         Ice            7%         N/A       36%         3
 Alistair's Intoxication  Alch           16%        N/A       36%         5
 Animate Armour           Summ/Erth      14%        N/A       77%         4
 Summon Lightning Spire   Summ/Air       7%         N/A       77%         4
 Eringya's Noxious Bog    Alch           12%        4d6       91%         6
 Lee's Rapid Deconstruct  Erth           3%         3d5*      98%         5
 Metabolic Englaciation   Hex/Ice        3%         N/A       98%         5
 Silence                  Hex/Air        3%         N/A       98%         5
 Sculpt Simulacrum        Ice/Alch       8%         N/A       99%         6


Dungeon Overview and Level Annotations

Branches:
Dungeon (10/15)            Temple (0/1) D:7            Lair (5/5) D:9
 Shoals (0/4) Lair:3       Spider (0/4) Lair:3        Slime (0/5) Lair:4
    Orc: D:9-12

Altars:
Cheibriados
Dithmenos
Fedhas
Gozag
Hepliaklqana
Kikubaaqudgha
Makhleb
Nemelex Xobeh
Qazlal
Ru
Sif Muna
Trog
Wu Jian
Xom
Yredelemnul

Shops:
D:4 ?   D:5 :


Innate Abilities, Weirdness & Mutations

You are completely covered in large bone plates. (SH +8)
A weak demonic guardian rushes to your aid.
You are mostly covered in sharp spines.
You have a tail ending in a sharp stinger.


Message History

Your orange demon hits the tyrant leech!
The tyrant leech looks even weaker.
The tyrant leech bites your orange demon!
Your yak zombie gores the tyrant leech!
The elephant tramples your yak zombie!!
Your yak zombie holds its ground!
Your yak zombie is destroyed!
You hit the tyrant leech.
The tyrant leech writhes in agony!
The tyrant leech is almost dead.
The vampire mosquito misses you. The cane toad barely misses you.
The boulder beetle curls into a ball and begins rolling!
The vampire mosquito is struck by your spines.
You destroy the vampire mosquito!
Kikubaaqudgha accepts your kill.
You can now invoke torment.
Your orange demon misses the tyrant leech.
Your orange demon closely misses the tyrant leech.
You miss the tyrant leech.
Your tail-slap misses the tyrant leech.
The tyrant leech is almost dead.
The wailing of tortured souls fills the air!
The cane toad is struck by your spines. The cane toad stings you!
* * * LOW HITPOINT WARNING * * *
The tyrant leech is struck by your spines.
You kill the tyrant leech!
Kikubaaqudgha accepts your kill.
Casting: Fugue of the Fallen (safe; 1% risk of failure)
Confirm with . or Enter, or press ? or * to list all spells.
You feel a surge of power!
You dismiss your zombies and call upon the dead to rise afresh.
Your tyrant leech zombie crumbles into dust!
Your orange demon stings the elephant!
Your orange demon hits the elephant but does no damage.
The cane toad barely misses you.
You completely miss the elephant.
Your tail-slap misses the elephant.
The elephant is lightly wounded.
You block the cane toad's attack.
Your orange demon stings the elephant but does no damage.
Your orange demon hits the elephant.
The boulder beetle is struck by your spines.
The boulder beetle hits you!!
You die...
Kikubaaqudgha rasps: "You have failed me!
Welcome... death!"

.................
................P
.................
..................
..................
.................#
.......†.4.......#
......yFY.........
.~.....#@.........
P~....~#.B........
~.~P...#..°.......
~~~~#####..°°.....
.####P#.#.........
#.~~.#.........
~~~~.#.......#.
~~~~P.........#
≈~~~~.........##


You could see a boulder beetle (rolling), an elephant (distracted, ally target),
a cane toad, a vampire mosquito and a friendly orange demon (summoned).

Vanquished Creatures
  Gastronok (Lair:2)
  Snorg (D:10)
  2 hydras (Lair:3)
  A centaur warrior (D:9)
  3 two-headed ogres (D:9)
  2 death yaks
  Nergalle (Lair:2)
  2 skysharks
  3 lindwurms
  An ugly thing (D:9)
  2 black mambas
  A meliai (Lair:3)
  8 elephants
  8 cane toads
  2 kobold demonologists (D:9)
  5 rime drakes
  3 komodo dragons
  2 polar bears
  A tyrant leech (Lair:5)
  A hornet (D:10)
  11 blink frogs
  A dream sheep (Lair:3)
  3 wyverns
  A wraith (D:9)
  A ynoxinul (D:9)
  Eustachio (D:5)
  2 steam dragons
  23 yaks
  5 basilisks
  8 wargs (D:9)
  A vampire mosquito (Lair:5)
  An acid dragon (D:9)
  6 water moccasins
  2 ice beasts
  3 orc warriors
  A sky beast (D:5)
  5 wolves
  2 ogres
  A centaur (D:10)
  5 kobold brigands
  5 bullfrogs
  4 gnoll sergeants
  3 scorpions
  9 killer bees
  4 electric eels
  5 howler monkeys
  3 hounds
  4 jellies
  2 gnoll boudas
  4 orc priests
  Terence (D:2)
  A sleepcap (D:6)
  Jessica (D:2)
  4 iguanas
  8 orc wizards
  2 hell rats (Lair:4)
  A hound skeleton (D:4)
  7 adders
  8 gnolls
  2 white imps
  2 ufetubi (D:9)
  4 dart slugs
  A ribbon worm (D:2)
  14 orcs
  9 endoplasms
  3 giant cockroaches
  9 hobgoblins
  3 jackals (D:3)
  2 quokkas (D:3)
  5 ball pythons
  5 bats
  3 frilled lizards
  7 goblins
  16 kobolds
  8 rats
302 creatures vanquished.

Vanquished Creatures (collateral kills)
  A hydra (Lair:3)
  A two-headed ogre (D:9)
  2 skysharks
  A lindwurm (Lair:4)
  An orc sorcerer (D:9)
  A manticore (D:9)
  3 elephants
  A cyclops (D:9)
  A merfolk siren (Lair:3)
  4 cane toads
  A rime drake (Lair:3)
  2 komodo dragons (Lair:5)
  A troll (D:9)
  A tyrant leech (Lair:5)
  3 merfolk (Lair:3)
  Grinder (D:4)
  12 blink frogs
  A ynoxinul (D:9)
  24 yaks
  A wyvern (Lair:5)
  A basilisk (Lair:2)
  A steam dragon (D:10)
  2 wargs (D:9)
  2 vampire mosquitoes (Lair:5)
  3 water moccasins
  5 orc warriors (D:9)
  An ogre (D:6)
  3 wolves (Lair:4)
  5 bullfrogs
  3 kobold brigands
  2 gnoll sergeants (D:9)
  A killer bee (D:9)
  2 electric eels
  6 howler monkeys
  2 gnoll boudas (D:9)
  2 orc priests (D:9)
  An iguana (D:7)
  4 orc wizards (D:9)
  5 hell rats (Lair:4)
  6 gnolls
  A howler monkey skeleton (D:4)
  2 adders
  A white imp (D:5)
  5 ufetubi (D:9)
  An orc (D:5)
  A giant cockroach (D:4)
  2 goblins
  7 kobolds
  A bat (D:3)
141 creatures vanquished.

Vanquished Creatures (others)
  A hydra (Lair:2)
  Erica (D:9)
  A tengu warrior (D:9)
  A black mamba (Lair:5)
  A komodo dragon (Lair:4)
  A hydra zombie (Lair:3)
  A blink frog (Lair:5)
  2 black mamba zombies (Lair:5)
  A basilisk (Lair:2)
  A yak (Lair:4)
  A skyshark zombie (Lair:5)
  5 cane toad zombies
  A merfolk zombie (Lair:3)
  A water moccasin (Lair:5)
  A manticore zombie (D:9)
  An octopode zombie (D:9)
  3 elephant zombies (Lair:3)
  9 blink frog zombies
  A lindwurm zombie (Lair:4)
  A phantom (D:7)
  2 rime drake zombies
  A komodo dragon zombie (Lair:5)
  2 bullfrogs
  A wyvern zombie (Lair:5)
  5 warg zombies (D:9)
  2 water moccasin zombies
  A troll zombie (D:9)
  27 yak zombies
  A killer bee (D:9)
  6 bullfrog zombies
  4 killer bee zombies (D:9)
  An ogre zombie (D:7)
  2 howler monkey zombies (D:7)
  14 gnoll zombies
  5 kobold zombies
  5 orc zombies
114 creatures vanquished.

Grand Total: 557 creatures vanquished

Notes
Turn   | Place    | Note
-------+----------+-------------------------------------------
     0 | D:1      | booth the Demonspawn Necromancer began the quest for the
                  | Orb.
     0 | D:1      | Reached XP level 1. HP: 13/13 MP: 3/3
   379 | D:1      | Gained mutation: You have a small tail. [demonic ancestry]
   379 | D:1      | Reached XP level 2. HP: 19/19 MP: 1/5
  1129 | D:2      | Reached skill level 5 in Necromancy
  1261 | D:2      | Gained mutation: A weak demonic guardian rushes to your
                  | aid. [demonic ancestry]
  1261 | D:2      | Reached XP level 3. HP: 22/24 MP: 4/6
  1302 | D:2      | Learned a level 3 spell: Vampiric Draining
  1399 | D:2      | Noticed Terence
  1413 | D:2      | Killed Terence
  1414 | D:2      | Gained mutation: You are partially covered in sharp spines.
                  | [demonic ancestry]
  1414 | D:2      | Reached XP level 4. HP: 11/30 MP: 4/8
  1523 | D:2      | Noticed Jessica
  1538 | D:2      | Killed Jessica
  1811 | D:3      | Reached skill level 6 in Necromancy
  1820 | D:3      | Gained mutation: You are partially covered in large bone
                  | plates. (SH +4) [demonic ancestry]
  1820 | D:3      | Reached XP level 5. HP: 29/35 MP: 1/9
  1946 | D:3      | Learned a level 4 spell: Animate Dead
  2843 | D:4      | Noticed Grinder
  2946 | D:4      | Paralysed by Grinder for 5 turns
  2954 | D:4      | HP: 1/35 [Grinder (4)]
  2961 | D:4      | Killed Grinder
  2962 | D:4      | Reached skill level 7 in Necromancy
  2962 | D:4      | Gained mutation: You are mostly covered in sharp spines.
                  | [demonic ancestry]
  2962 | D:4      | Reached XP level 6. HP: 12/41 MP: 11/11
  3222 | D:4      | Gained mutation: You are mostly covered in large bone
                  | plates. (SH +6) [demonic ancestry]
  3222 | D:4      | Reached XP level 7. HP: 23/46 MP: 12/12
  3385 | D:4      | Learned a level 5 spell: Curse of Agony
  3454 | D:4      | Found an ornate altar of the Wu Jian Council.
  3537 | D:4      | Found a bloodstained altar of Trog.
  4015 | D:4      | Noticed a wyvern
  4033 | D:4      | Killed a wyvern
  4047 | D:4      | Found The Oracle's Delphic Readings.
  4055 | D:4      | Bought a scroll of identify for 26 gold pieces
  4055 | D:4      | Bought a scroll of teleportation for 39 gold pieces
  4055 | D:4      | Bought a scroll of identify for 26 gold pieces
  4055 | D:4      | Bought a scroll of identify for 26 gold pieces
  4664 | D:5      | Entered Level 5 of the Dungeon
  4760 | D:5      | Reached skill level 8 in Necromancy
  4955 | D:5      | Identified a scroll of acquirement
  4956 | D:5      | Acquired Great Wizards, Vol. II
  5002 | D:5      | Found Umet's Vocational Training.
  5005 | D:5      | Noticed Eustachio
  5026 | D:5      | Killed Eustachio
  5027 | D:5      | Reached skill level 1 in Alchemy
  5027 | D:5      | Reached XP level 8. HP: 35/52 MP: 11/14
  5226 | D:5      | Acquired a staff of death
  5719 | D:5      | Acquired the scarf of Duck's Teeth {repulsion, rPois Regen+
                  | Stlth+}
  5732 | D:5      | Acquired 1202 gold pieces
  5765 | D:5      | Bought a manual of Evocations for 880 gold pieces
  5801 | D:6      | Reached skill level 1 in Fighting
  5801 | D:6      | Reached skill level 1 in Staves
  5801 | D:6      | Reached skill level 1 in Evocations
  5887 | D:6      | Found a shimmering altar of Xom.
  6022 | D:6      | Reached skill level 9 in Necromancy
  6125 | D:6      | Found a blossoming altar of Fedhas.
  6170 | D:6      | Reached skill level 5 in Spellcasting
  6755 | D:7      | Reached XP level 9. HP: 47/61 MP: 8/16
  7222 | D:7      | Found an ancient bone altar of Kikubaaqudgha.
  7246 | D:7      | Became a worshipper of Kikubaaqudgha
  7321 | D:7      | Found a staircase to the Ecumenical Temple.
  7418 | D:8      | Found a sacrificial altar of Ru.
  7419 | D:8      | Found a basalt altar of Yredelemnul.
  7420 | D:8      | Found a burning altar of Makhleb.
  7420 | D:8      | Found a shadowy altar of Dithmenos.
  7421 | D:8      | Found a sparkling altar of Nemelex Xobeh.
  7426 | D:8      | Found a stormy altar of Qazlal.
  7445 | D:8      | Found a snail-covered altar of Cheibriados.
  7804 | D:8      | Found a hazy altar of Hepliaklqana.
  7953 | D:9      | Learned a level 5 spell: Borgnjor's Vile Clutch
  7995 | D:9      | Noticed a green ugly thing
  8007 | D:9      | Killed a green ugly thing
  8008 | D:9      | Reached skill level 10 in Necromancy
  8095 | D:9      | Found an opulent altar of Gozag.
  8180 | D:9      | Reached skill level 5 in Dodging
  8189 | D:9      | Gained mutation: You are completely covered in large bone
                  | plates. (SH +8) [demonic ancestry]
  8189 | D:9      | Reached XP level 10. HP: 26/70 MP: 6/18
  8192 | D:9      | Reached skill level 5 in Evocations
  8199 | D:9      | Reached * piety under Kikubaaqudgha
  8199 | D:9      | Received a gift from Kikubaaqudgha
  8202 | D:9      | Learned a level 1 spell: Kiss of Death
  8245 | D:9      | Noticed a cyclops
  8264 | D:9      | Killed a cyclops
  8271 | D:9      | Noticed Erica
  8389 | D:9      | Noticed a manticore
  8409 | D:9      | Killed Erica
  8410 | D:9      | Reached skill level 11 in Necromancy
  8417 | D:9      | Killed a manticore
  8526 | D:9      | Noticed a two-headed ogre
  8533 | D:9      | Killed a two-headed ogre
  8540 | D:9      | Noticed an orc sorcerer
  8546 | D:9      | Killed an orc sorcerer
  8547 | D:9      | Reached XP level 11. HP: 67/78 MP: 15/20
  8692 | D:9      | Noticed a two-headed ogre
  8702 | D:9      | Killed a two-headed ogre
  8703 | D:9      | Reached skill level 5 in Alchemy
  8747 | D:9      | Identified the +2 leather armour "Diunguace" {Dex+3}
  8813 | D:9      | Your ally Erica died
  8838 | D:9      | Reached skill level 5 in Fighting
  9111 | D:9      | Reached ** piety under Kikubaaqudgha
  9246 | D:9      | Learned a level 2 spell: Cigotuvi's Dreadful Rot
  9287 | D:9      | Reached skill level 5 in Staves
  9364 | D:9      | Found a staircase to the Lair.
  9487 | D:9      | Reached skill level 1 in Conjurations
  9488 | D:9      | Reached skill level 12 in Necromancy
  9940 | D:9      | Noticed a two-headed ogre
  9945 | D:9      | Killed a two-headed ogre
  9945 | D:9      | Reached *** piety under Kikubaaqudgha
  9945 | D:9      | Received a gift from Kikubaaqudgha
  9950 | D:9      | Learned a level 3 spell: Fugue of the Fallen
 10351 | D:9      | Noticed a two-headed ogre
 10372 | D:9      | Killed a two-headed ogre
 10506 | D:10     | Entered Level 10 of the Dungeon
 10506 | D:10     | Noticed Snorg
 10520 | D:10     | HP: 1/69 [Snorg (9)]
 10526 | D:10     | Killed Snorg
 10527 | D:10     | Gained mutation: You have a tail ending in a sharp stinger.
                  | [demonic ancestry]
 10527 | D:10     | Reached XP level 12. HP: 40/83 MP: 6/23
 10688 | D:10     | Reached skill level 5 in Stealth
 11069 | D:10     | Found a shimmering blue altar of Sif Muna.
 11427 | Lair:1   | Entered Level 1 of the Lair of Beasts
 11988 | Lair:1   | Noticed a death yak
 12125 | Lair:1   | Killed a death yak
 12180 | Lair:1   | Found a runed translucent door.
 12262 | Lair:1   | Reached **** piety under Kikubaaqudgha
 13004 | Lair:2   | Noticed a four-headed hydra
 13290 | Lair:2   | Noticed Nergalle
 13482 | Lair:2   | Noticed Gastronok
 13511 | Lair:2   | Killed Gastronok
 13512 | Lair:2   | Reached skill level 10 in Evocations
 13649 | Lair:2   | Killed Nergalle
 13761 | Lair:3   | Reached skill level 13 in Necromancy
 13761 | Lair:3   | Reached XP level 13. HP: 39/96 MP: 20/25
 13862 | Lair:3   | Reached skill level 5 in Conjurations
 13982 | Lair:3   | HP: 1/97 [eight-headed hydra (7)]
 14180 | Lair:3   | Identified the +0 spear of Drought {speed, rN+ Str+2}
 14301 | Lair:3   | Found a staircase to the Shoals.
 14649 | Lair:3   | Found a hole to the Spider Nest.
 15218 | Lair:4   | Reached skill level 1 in Throwing
 15486 | Lair:4   | Found a staircase to the Slime Pits.
 16037 | Lair:5   | Entered Level 5 of the Lair of Beasts
 16100 | Lair:5   | Reached XP level 14. HP: 25/106 MP: 27/27
 16225 | Lair:5   | Reached ***** piety under Kikubaaqudgha
 16228 | Lair:5   | Slain by a boulder beetle

Illustrated notes

Levels and vault maps discovered:
D:1:      amcnicky_arrival_flooded_fountain, layout_loops_corners,
          corexii_hall_statues_deadend
D:2:      layout_basic, serial_bayou_pond_a, uniq_jessica, uniq_terence
D:3:      layout_rooms, grunt_ministairs_6, minivault_26, st_stairs_9
D:4:      layout_layer_cave, amcnicky_altar_gilded,
          mainiacjoe_overflow_surrounded_room, serial_undead, serial_undead_c,
          serial_undead_c, serial_undead_b, serial_undead_c,
          nicolae_nh_oracle_at_delphi, uniq_grinder
D:5:      layout_loops_ring, kennysheep_mini_moat, st_stairs_2,
          nicolae_shop_vocational, uniq_eustachio
D:6:      layout_basic, xom_teletrap_fun, fedhas_altar_2, corner_web_ring
D:7:      layout_gridville, kiku_gazebo_pond_becter,
          minmay_temple_entry_offerings, lemuel_flamethrower_2
D:8:      layout_rooms, lemuel_crystal_altar,
          mainiacjoe_overflow_six_doors_small, grunt_temple_overflow_open
D:9:      lemuel_castle_with_subvaults [lemuel_castle_interior_original],
          layout_stronghold, general_overflow_altar, erik_lair_dragon,
          minmay_misc_feat_encased, nicolae_fort_ynox, uniq_erica
D:10:     layout_big_octagon, nicolae_overflow_hidden_temple, eino_curves_03,
          serial_bayou_ford_a, uniq_snorg
Lair:1:   gammafunk_lair_enchanted_lake, layout_gridlike, serial_bayou_shore_b,
          grunt_megastairs_5, infiniplex_staircase_pool
Lair:2:   layout_chaotic_city, uniq_nergalle, uniq_gastronok
Lair:3:   layout_long_grid, elwin_shoals_entry_stream,
          hellmonk_spider_entry_not_the_bees, minmay_shattered_shrine,
          infiniplex_staircase_pool_2
Lair:4:   layout_big_grid, slime_entry_1, lemuel_fruit_tree
Lair:5:   minmay_lair_end_frog_pond, layout_regular_city, uniq_kirke

Skill      XL: |  1  2  3  4  5  6  7  8  9 10 11 12 13 14 |
---------------+-------------------------------------------+-----
Necromancy     | 5 6 7 8 9 10 11 12 13 | 13.7
Spellcasting   | 3 4 5 6 7 8 9 |  9.1
Dodging        | 2 3 4 5 6 |  6.2
Stealth        | 2 3 4 6 7 |  7.7
Alchemy        | 1 2 3 4 5 |  5.3
Fighting       | 2 3 4 6 7 8 |  8.7
Staves         | 1 3 4 5 6 7 8 |  8.0
Evocations     | 2 4 6 8 10 11 | 11.8
Conjurations   | 2 4 6 |  6.4
Throwing       | 2 |  2.7

Action                     |  1- 3 |  4- 6 |  7- 9 | 10-12 | 13-15 || total
---------------------------+-------+-------+-------+-------+-------++-------
  Melee: Unarmed           |    10 |       |       |       |       ||    10
         Dagger            |    50 |    87 |    92 |       |       ||   229
         Tailslap          |     4 |    14 |    39 |    55 |    27 ||   139
         Punch             |     1 |     1 |     4 |     2 |     7 ||    15
         Staff             |       |       |   139 |   309 |   176 ||   624
  Throw: Javelin           |       |    10 |    11 |    23 |     1 ||    45
         Boomerang         |       |       |       |    28 |     1 ||    29
   Cast: Necrotise         |    40 |    36 |    38 |    17 |     8 ||   139
         Vampiric Draining |     2 |       |     8 |    41 |    14 ||    65
         Animate Dead      |       |     1 |    15 |    15 |     6 ||    37
         Curse of Agony    |       |       |     2 |     6 |       ||     8
         Borgnjor's Vile C |       |       |       |     2 |     4 ||     6
         Kiss of Death     |       |       |       |     1 |       ||     1
         Fugue of the Fall |       |       |       |     1 |     2 ||     3
 Invoke: Unearth Wretches  |       |       |       |     3 |     2 ||     5
    Use: Scroll            |     4 |     4 |    12 |     2 |       ||    22
         Potion            |     1 |     2 |     1 |     3 |     2 ||     9
   Stab: Sleeping          |       |     1 |     1 |     2 |     1 ||     5
         Paralysed         |       |       |       |     3 |     1 ||     4
         Distracted        |       |       |       |     2 |       ||     2
 Armour: Robe              |    36 |    31 |    24 |       |       ||    91
         Leather armour    |       |       |    74 |   270 |   176 ||   520
  Dodge: Dodged            |    36 |    35 |   107 |   257 |   166 ||   601
         Repelled          |       |       |     2 |     9 |     1 ||    12
  Block: Other             |       |    11 |    63 |   129 |    79 ||   282
